 Dungeon Crawl Stone Soup version 0.27.1-35-g4d5d836560 (webtiles) character file.

Game seed: 17013360107742337445

180 Delamore the Covert (level 5, 0/34 HPs)
             Began as an Octopode Brigand on Mar 20, 2022.
             Slain by an ufetubus (2 damage)
             ... on level 4 of the Dungeon.
             The game lasted 00:05:35 (3832 turns).

Delamore the Covert (Octopode Brigand)              Turns: 3832, Time: 00:05:36

Health: 0/34       AC:  1    Str:  9 (10) XL:     5   Next: 60%
Magic:  5/5        EV: 12    Int: 10 (13) God:
Gold:   142        SH:  0    Dex: 12 (15) Spells: 4/4 levels left

rFire    . . .     SeeInvis .   a - +2 dagger
rCold    . . .     Faith    .   (no shield)
rNeg     . . .     Spirit   .   (helmet restricted)
rPois    .         Reflect  .   (no amulet)
rElec    .         Harm     .   (no ring)
rCorr    .         Rampage  .   (no ring)
Will     .....                  (no ring)
Stlth    +++++.....             (no ring)
HPRegen  0.11/turn              (no ring)
MPRegen  0.09/turn              (no ring)
                                (no ring)
                                (no ring)

@: no status effects
A: almost no armour, amphibious, 8 rings, camouflage 1, gelatinous body 1,
(nimble swimmer 1), tentacles
a: no special abilities


You were on level 4 of the Dungeon.
You visited 1 branch of the dungeon, and saw 4 of its levels.

You collected 142 gold pieces.

Inventory:

Hand Weapons
 a - a +2 dagger (weapon)
Missiles
 b - 13 poisoned darts (quivered)
 c - 2 curare-tipped darts
Wands
 j - a wand of flame (22)
Scrolls
 d - a scroll of torment {unknown}
 f - a scroll of immolation
 g - a scroll of teleportation
 h - a scroll of brand weapon
 i - a scroll of blinking {unknown}
Potions
 e - a potion of might
Miscellaneous
 l - a phantom mirror


   Skills:
 - Level 2.0 Fighting
 + Level 3.5 Short Blades
 - Level 2.0 Throwing
 - Level 1.0 Dodging
 * Level 8.3 Stealth


You had 4 spell levels left.
You didn't know any spells.
Your spell library contained the following spells:

 Spells                   Type           Power      Damage    Failure   Level
 Fireball                 Conj/Fire      0%         3d3       100%        5
 Iskenderun's Battlesphe  Conj           0%         2d6       100%        5
 Conjure Ball Lightning   Conj/Air       0%         3x3d6     100%        6
 Orb of Destruction       Conj           0%         N/A       100%        7


Dungeon Overview and Level Annotations

Branches:
Dungeon (4/15)
 Temple: D:4-7

Altars:
Okawaru
Zin
The Shining One

Annotations:
D:3 Robin


Innate Abilities, Weirdness & Mutations

You cannot wear most types of armour.
You are amphibious.
You can wear up to eight rings at the same time.
Your skin changes colour to match your surroundings (Stealth+).
Your rubbery body absorbs attacks. (AC +1, EV +1)
((You are camouflaged near water. (Stealth+)))
You have tentacles for arms and can constrict up to eight enemies at once.


Message History

You constrict the jackal, but do no damage.
The jackal bites you.
You hit the jackal.
The jackal is heavily wounded.
You constrict the jackal, but do no damage.
The jackal barely misses you.
You hit the jackal but do no damage. You squeeze the jackal.
You kill the jackal!
The ufetubus closely misses you. The ufetubus hits you.
You hit the ufetubus. Your grab misses the ufetubus.
The ufetubus is moderately wounded.
The ufetubus hits you. The ufetubus barely misses you.
The ufetubus hits you. x2
* * * LOW HITPOINT WARNING * * *
You are too injured to fight recklessly!
You are too injured to fight recklessly!
You are too injured to fight recklessly!
You are too injured to fight recklessly!
You are too injured to fight recklessly!
You are too injured to fight recklessly!
You are too injured to fight recklessly!
You are too injured to fight recklessly!
You closely miss the ufetubus. You grab the ufetubus.
You squeeze the ufetubus, but do no damage.
The ufetubus is moderately wounded.
You constrict the ufetubus, but do no damage.
The ufetubus hits you.
* * * LOW HITPOINT WARNING * * *
The ufetubus closely misses you.
Okay, then.
Okay, then.
It was a potion of degeneration.
There was something very wrong with that liquid.
You feel weakened.
You feel dopey.
You feel clumsy.
You constrict the ufetubus. The ufetubus barely misses you. x2
You release your grip on the ufetubus.
The ufetubus misses you.
The ufetubus hits you but does no damage.
The ufetubus hits you.
* * * LOW HITPOINT WARNING * * *
The ufetubus hits you.
You die...

#...... #.....#
####.....# .........####
............##
.........##..#
.............#
...#.♣.♣5#..#
..........@.##
##..♣.♣.♣.♣.# #
...._....# ..♣.♣.♣.♣.#
##.........# ####
#.#.♣.♣.#.# #...
#.........# #.##
####.#..#############.##
#................†...


You could see an ufetubus.

Vanquished Creatures
  An iguana (D:3)
  Terence (D:3)
  3 adders
  A worm (D:2)
  A dart slug (D:1)
  8 ball pythons
  4 endoplasms
  4 giant cockroaches
  28 goblins
  6 hobgoblins
  8 jackals
  A quokka (D:2)
  7 bats
  3 frilled lizards (D:1)
  7 kobolds
  6 rats
89 creatures vanquished.

Notes
Turn   | Place    | Note
-------+----------+-------------------------------------------
     0 | D:1      | Delamore the Octopode Brigand began the quest for the Orb.
     0 | D:1      | Reached XP level 1. HP: 14/14 MP: 1/1
    45 | D:1      | Reached XP level 2. HP: 17/19 MP: 2/2
   307 | D:1      | Reached skill level 6 in Stealth
   359 | D:1      | Found a faded altar of an unknown god.
   574 | D:1      | Reached XP level 3. HP: 22/24 MP: 3/3
  1335 | D:2      | Reached XP level 4. HP: 29/29 MP: 4/4
  1342 | D:2      | Reached skill level 7 in Stealth
  1995 | D:3      | Found a glowing golden altar of the Shining One.
  2014 | D:3      | Found a glowing silver altar of Zin.
  2083 | D:3      | Reached XP level 5. HP: 17/34 MP: 5/5
  2479 | D:3      | Noticed Terence
  2485 | D:3      | Killed Terence
  2540 | D:3      | Reached skill level 8 in Stealth
  2645 | D:3      | Noticed Robin
  3805 | D:4      | Found an iron altar of Okawaru.
  3832 | D:4      | Slain by an ufetubus

Illustrated notes

Levels and vault maps discovered:
D:1:      tarquinn_simple_flora_water_c, layout_rooms,
          ebering_ecumenical_altar_abandoned
D:2:      layout_rooms
D:3:      kennysheep_goblin_castle, layout_rooms,
          nicolae_overflow_hidden_temple, tso_metal_star, uniq_terence
D:4:      layout_basic, amcnicky_altar_gilded, okawaru_trees_1, kennysheep_mini,
          minmay_temple_entry_mini_moons

Skill      XL: |  1  2  3  4  5 |
---------------+----------------+-----
Stealth        | 6 7 8 |  8.3
Short Blades   | 3 |  3.5
Fighting       | |  2.0
Throwing       | |  2.0
Dodging        | |  1.0

Action                   |  1- 3 |  4- 6 || total
-------------------------+-------+-------++-------
Melee: Dagger            |    71 |    92 ||   163
       Constrict         |    16 |    20 ||    36
       Tentacles         |    15 |    14 ||    29
Throw: Dart              |       |     9 ||     9
  Use: Scroll            |     2 |     2 ||     4
       Potion            |       |     1 ||     1
 Stab: Sleeping          |    16 |    10 ||    26
Armor: Skin              |     5 |     6 ||    11
Dodge: Dodged            |    32 |    81 ||   113
